 Dungeon Crawl Stone Soup version 0.25.1-2-g60ff931df9 (webtiles) character file.

Game seed: 10173607313526498960

100 Kaliet the Shield-Bearer (level 5, -3/42 HPs)
             Began as a Formicid Fighter on Nov 2, 2020.
             Was an Initiate of Trog.
             Slain by Natasha (6 damage)
             ... on level 2 of the Dungeon.
             The game lasted 00:20:25 (1839 turns).

Kaliet the Shield-Bearer (Formicid Fighter)         Turns: 1839, Time: 00:20:25

Health: -3/42      AC:  7    Str: 21    XL:     5   Next: 3%
Magic:  0/5        EV:  8    Int:  8    God:    Trog [......]
Gold:   114        SH:  9    Dex: 10    Spells: 4/4 levels left

rFire    . . .     SeeInvis +   o - -1 spear (curse)
rCold    . . .     Gourm    .   c - +0 kite shield
rNeg     . . .     Faith    .   b - +0 scale mail
rPois    .         Spirit   +   (helmet unavailable)
rElec    .         Reflect  .   (no cloak)
rCorr    .         Harm     .   (no gloves)
MR       .....                  (no boots)
Stlth    ..........             k - amulet of guardian spirit
HPRegen  0.14/turn              (no ring)
MPRegen  0.09/turn              (no ring)

@: flying
A: permanent stasis, dig shafts and tunnels, four strong arms, antennae 3
a: Dig, Shaft Self, Renounce Religion


You were on level 2 of the Dungeon.
You worshipped Trog.
Trog was noncommittal.
You were not hungry.

You visited 1 branch of the dungeon, and saw 2 of its levels.

You collected 114 gold pieces.

Inventory:

Hand Weapons
 a - a +0 war axe
 g - a +0 short sword of speed
 n - a +0 hunting sling
 o - a cursed -1 spear (weapon)
Armour
 b - a +0 scale mail (worn)
 c - a +0 kite shield (worn)
 l - a +0 chain mail
Magical Staves
 j - an uncursed staff of poison {unknown}
Jewellery
 k - an amulet of guardian spirit (around neck)
Scrolls
 i - a scroll of amnesia
Potions
 e - a potion of flight
 h - 2 potions of haste
Comestibles
 f - a ration


   Skills:
 + Level 3.7 Fighting
 + Level 0.8 Short Blades
 + Level 2.7 Axes
 + Level 0.2(1.6) Polearms
 + Level 3.9 Armour
 + Level 0.6 Dodging
 + Level 0.2 Stealth
 + Level 4.5 Shields


You had 4 spell levels left.
You didn't know any spells.
Your spell library was empty.

Dungeon Overview and Level Annotations

Branches:
Dungeon (2/15)

Altars:
Trog

Annotations:
D:2 Natasha


Innate Abilities, Weirdness & Mutations

You cannot be hasted, slowed, berserked, paralysed or teleported.
You can dig through walls and to a lower floor.
Your four strong arms can wield two-handed weapons with a shield.
You have a pair of large antennae on your head. (SInv)


Message History

You feel disoriented. Natasha claws you but does no damage.
Natasha casts a spell at you. The magic dart hits you.
Natasha stares at you and mumbles some strange words.
The magic dart hits you!
* * * LOW HITPOINT WARNING * * *
The crimson imp blinks!
Natasha hisses.
The crimson imp puffs mist at you. Natasha claws you!
* * * LOW HITPOINT WARNING * * *
The crimson imp blinks!
The crimson imp disappears in a puff of smoke!
The crimson imp lashes its tail.
Natasha casts a spell at you. The magic dart hits you.
* * * LOW HITPOINT WARNING * * *
Natasha claws you.
You die...

.##.........5.#
.#######..#####
.########)#######
......###..##...#
#.#.#.##....5...#
......##.#.#.#..#
#.#.#.##........#
......##.#.#.#..########
#.#.#.##.......h@.......
......##.#.#.#.#########
########.......#
#########


You could see Natasha and a crimson imp (summoned).

Vanquished Creatures
  Natasha (D:2)
  A worker ant (D:2)
  An ooze (D:1)
  2 dart slugs
  A leopard gecko (D:2)
  5 bats
  2 giant cockroaches
  11 goblins
  2 hobgoblins (D:1)
  5 jackals (D:1)
  A ball python (D:1)
  4 kobolds
  5 rats
41 creatures vanquished.

Notes
Turn   | Place    | Note
-------+----------+-------------------------------------------
     0 | D:1      | Kaliet the Formicid Fighter began the quest for the Orb.
     0 | D:1      | Reached XP level 1. HP: 18/18 MP: 1/1
   210 | D:1      | Reached XP level 2. HP: 20/24 MP: 2/2
   255 | D:1      | Reached skill level 4 in Shields
   338 | D:1      | Reached XP level 3. HP: 29/29 MP: 3/3
  1105 | D:2      | Noticed Natasha
  1120 | D:2      | Killed Natasha
  1120 | D:2      | Reached XP level 4. HP: 17/37 MP: 0/4
  1732 | D:2      | Reached XP level 5. HP: 41/42 MP: 5/5
  1753 | D:2      | Found a bloodstained altar of Trog.
  1774 | D:2      | Became a worshipper of Trog the Wrathful
  1786 | D:2      | Noticed Natasha
  1839 | D:2      | Slain by Natasha

Illustrated notes

Levels and vault maps discovered:
D:1:      giann_forest_graveyard, layout_loops_corners
D:2:      layout_basic, chequers_temple_overflow_minitemple,
          nicolae_overflow_crystal_walls, serial_glass, glass_columns_a,
          glass_columns_a, glass_columns_a, glass_columns_b, glass_columns_b,
          glass_columns_a, first_ration, uniq_natasha

Skill      XL: |  1  2 |
---------------+-------+-----
Shields        | 4 |  4.5
Fighting       | |  3.7
Short Blades   | |  0.8
Axes           | |  2.7
Polearms       | |  0.2
Armour         | |  3.9
Dodging        | |  0.6
Stealth        | |  0.2

Action                   |  1- 3 |  4- 6 || total
-------------------------+-------+-------++-------
Melee: War axe           |    61 |       ||    61
       Short sword       |    59 |       ||    59
       Spear             |    21 |    39 ||    60
  Use: Scroll            |     3 |       ||     3
       Potion            |     2 |     4 ||     6
  Eat: Ration            |       |     1 ||     1
Armor: Scale mail        |    47 |     9 ||    56
Dodge: Dodged            |    33 |    13 ||    46
Block: Kite shield       |    66 |    21 ||    87
